Cogmind - Beta 14 @@@ ROGUE MODE // 2025.03.28 @ 01:50:34 Player: deadnoob Result: Destroyed by EQ-3QA(R) with Subdweller Laser Performance ------------- Evolutions (0) 0 Regions Visited (3) 600 Robots Destroyed (39) 195 Value Destroyed (1100) 1100 Prototype IDs (11) 220 Alien Tech Used (0) 0 Bonus (0) 0 TOTAL SCORE: 2115 Bonus ------- None Cogmind --------- Core Integrity 0/250 Matter 196/300 Energy 193/200 System Corruption 0% Temperature Cool (6) Movement Treading (240) Ox1 Location -10/Subcaves Parts ------- > --- POWER (1) -------- Subdweller Power Source > --- PROPULSION (2) --- Light Treads > --- UTILITY (2) ------ Large Storage Unit > --- WEAPON (2) ------- Light Cannon Makeshift Hammer > --- INVENTORY (15) --- Scrap Shield Tower Shield Battle Cannon Rocket Launcher Mining Laser Peak State ------------ > --- POWER ------------ Ion Engine > --- PROPULSION ------- Light Treads Wheel > --- UTILITY ---------- Scrap Shield > --- WEAPON ----------- EM Pulse Gun Makeshift Hammer > --- INVENTORY -------- Subdweller Power Source Medium Storage Unit Large Storage Unit Rocket Launcher Mining Laser [Rating: 12] Favorites ----------- Power Ion Engine Engine Ion Engine Propulsion Light Treads Treads Light Treads Leg Aluminum Leg Wheel Wheel Utility Large Storage Unit Device Seismic Detector Storage Large Storage Unit Protection Scrap Shield Weapon Light Assault Rifle Energy Gun EM Pulse Gun Ballistic Gun Light Assault Rifle Ballistic Cannon Light Cannon Launcher Rocket Launcher Impact Weapon Makeshift Hammer Build | -11 -10 -10 -10 ------- Run | Yrd Mat Min Sub Slots Evolved . | . . . . Power . | . . . . Propulsion . | . . . . Utility . | . . . . Weapon . | . . . . Parts Attached 37 | 2 12 4 19 Power 4 | . 2 1 1 Engine 4 | . 2 1 1 Core . | . . . . Reactor . | . . . . Propulsion 5 | . 4 . 1 Treads 2 | . 2 . . Leg 2 | . 2 . . Wheel 1 | . . . 1 Hover . | . . . . Flight . | . . . . Utility 9 | 1 4 . 4 Device 2 | 1 1 . . Storage 5 | . 3 . 2 Processor . | . . . . Hackware . | . . . . Protection 2 | . . . 2 Artifact . | . . . . Weapon 19 | 1 2 3 13 Energy Gun 2 | . 1 . 1 Energy Cannon . | . . . . Ballistic Gun 3 | 1 1 1 . Ballistic Cannon 1 | . . . 1 Launcher 7 | . . 1 6 Special Weapon . | . . . . Impact Weapon 6 | . . 1 5 Slashing Weapon . | . . . . Piercing Weapon . | . . . . Special Melee Weapon . | . . . . Unidentified Prototypes . | . . . . Parts Lost 9 | . 3 1 5 Power 3 | . 1 1 1 Propulsion 3 | . 1 . 2 Utility . | . . . . Weapon 3 | . 1 . 2 Highest Loss Streak 3 | . 1 1 3 To Critical Strikes . | . . . . Average Slot Usage (%) 87 | . 93 94 80 Engine 13 | . 12 14 14 Treads 19 | . 15 28 14 Leg 1 | . 11 . . Wheel 4 | . . . 8 Device 7 | . 12 14 . Storage 9 | . 13 14 3 Protection 4 | . . . 10 Energy Gun 6 | . 12 . 9 Ballistic Gun 8 | . 13 18 . Ballistic Cannon 2 | . . . 4 Launcher 2 | . . 1 4 Impact Weapon 5 | . . 2 9 Peak Build Rating 12 | 7 7 11 12 Average Rating 9 | 6 6 7 10 On Entrance 7 | 6 7 6 11 Naked Turns 6 | . 6 . . Heaviest Build 32 | 14 29 30 32 Greatest Support 40 | 20 40 40 40 Greatest Overweight (x) 3 | . 1 . 3 Average Overweight (x) . | . . . 1 Largest Inventory Capacity 15 | 8 15 15 15 Average Capacity 10 | 8 11 15 7 Most Carried 10 | 5 6 10 10 Average Carried 6 | 4 4 7 5 Final Capacity 15 | 8 15 15 15 Final Carried 10 | 4 6 10 7 Class Distribution -------------------- 100% | Mutant Dominant Class ---------------- Mutant | -10/Materials Mutant | -10/Mines Mutant | -10/Subcaves Resources | -11 -10 -10 -10 ----------- Run | Yrd Mat Min Sub Matter Collected 915 | 202 156 164 393 Remotely . | . . . . Salvage Created 855 | 24 272 203 356 Parts 54 | 2 12 15 25 Haulers Intercepted . | . . . . Recyclers Shooed 2 | . . 2 . Parts Field Recycled . | . . . . Retrieved Matter . | . . . . Parts Self-Destructed 10 | . . . 10 Prevented . | . . . . Kills | -11 -10 -10 -10 ------- Run | Yrd Mat Min Sub Combat Hostiles Destroyed 32 | . 5 12 15 Melee 1 | . . 1 . Guns 9 | . 5 4 . AOE 21 | . . 7 14 Classes Destroyed 7 | 1 2 2 2 Builder 1 | . . 1 . Tunneler 4 | 1 . 3 . Recycler 2 | . 1 1 . Swarmer 9 | . . 9 . Grunt 8 | . 5 3 . Artisan 1 | . . . 1 Subdweller 15 | . . . 15 Best Kill Streak 5 | 1 4 5 4 Combat Bots Only 4 | . 4 4 4 Max Kills in Single Turn 2 | 1 1 2 2 Gunslinging . | . . . . Exploded 2 | . . 2 2 Melee 1 | . . 1 . Uniques/NPCs Destroyed . | . . . . Combat | -11 -10 -10 -10 -------- Run | Yrd Mat Min Sub Hostile Shots Fired 126 | . 40 48 38 Missed 34 | . 10 9 15 Damage Taken 1493 | . 454 425 614 Core 251 | . 68 56 127 Absorbed by Shields . | . . . . Core Remaining (%) 100 | 100 . . . Volleys Fired 89 | 4 25 26 34 Largest 2 | 2 2 2 2 Hottest 70 | 70 70 40 70 Shots Fired 132 | 8 49 40 35 Gun 90 | 8 49 29 4 Cannon . | . . . . Launcher 42 | . . 11 31 Special . | . . . . Kinetic 58 | 4 25 29 . Thermal 28 | 4 24 . . Explosive 42 | . . 11 31 Electromagnetic 4 | . . . 4 Robot Hit Streak 8 | 3 7 4 8 Robot Miss Streak 4 | 1 3 4 2 Penetration Max . | . . . . Secondary Targets . | . . . . Shots Hit Robots 84 | 5 33 22 24 Core Hits 64 | 1 12 23 28 Critical Kills . | . . . . Critical Parts Destroyed 1 | . . . 1 Critical Strikes 1 | . . . 1 Smash 1 | . . . 1 Melee Attacks 61 | . . 9 52 Impact 61 | . . 9 52 Slashing . | . . . . Piercing . | . . . . Sneak Attacks 3 | . . 2 1 Combat Hostiles . | . . . . Follow-up Attacks . | . . . . Damage Inflicted 3534 | 53 356 1168 1957 Guns 522 | 53 344 110 15 Cannons . | . . . . Explosions 2379 | . . 588 1791 Melee 565 | . . 414 151 Ramming 68 | . 12 56 . Kinetic 255 | 16 129 110 . Thermal 252 | 37 215 . . Explosive 2379 | . . 588 1791 Electromagnetic 15 | . . . 15 Impact 565 | . . 414 151 Slashing . | . . . . Piercing . | . . . . Highest Corruption . | . . . . Average Corruption . | . . . . Corruption Purged . | . . . . Corruption Blocked . | . . . . Overload Shots . | . . . . Overflow Damage 285 | . . 210 75 Projectiles . | . . . . Explosions 30 | . . 9 21 Melee 255 | . . 201 54 Knockbacks 6 | . . 4 2 Impact 5 | . . 3 2 Kinetic . | . . . . Secondary 1 | . . 1 . Self-Inflicted Damage 142 | . . 75 67 Shots 7 | . . 3 4 Rammed 10 | . 2 8 . Targets Rammed 11 | . 3 8 . Kicked 1 | . 1 . . Crushed . | . . . . Highest Temperature 218 | 40 218 7 . Average Temperature 77 | 19 89 4 . Received Heat Transfer 384 | . 249 78 57 Siege Activations . | . . . . Robots Corrupted 2 | . . 1 1 Combat Hostiles 1 | . . . 1 Parts Fried 4 | . . 2 2 Impact Corruptions 6 | . . 5 1 Robots Melted . | . . . . Combat Hostiles . | . . . . Parts Melted . | . . . . Heat Transferred 740 | 111 629 . . Parts Sabotaged . | . . . . Parts Stolen . | . . . . Parts Stripped . | . . . . Power Chain Reactions . | . . . . Alert | -11 -10 -10 -10 ------- Run | Yrd Mat Min Sub Peak Influence 341 | 5 189 341 . Initial 3 | . 3 . . Average 100 | 3 114 97 . Maximum Alert Level 1 | . . 1 . Low Security (%) 83 | 100 100 75 . Level 1 16 | . . 24 . Level 2 . | . . . . Level 3 . | . . . . Level 4 . | . . . . Level 5 . | . . . . High Security . | . . . . Max Security . | . . . . Squads Dispatched 2 | . 1 1 . Investigation 2 | . 1 1 . Extermination . | . . . . Reinforcement . | . . . . Assault . | . . . . Garrison . | . . . . Intercept . | . . . . Searches Triggered . | . . . . Construction Impeded . | . . . . Haulers Reinforced . | . . . . Active Scanning Responses . | . . . . Cargo Convoy Interrupts . | . . . . Stealth | -11 -10 -10 -10 --------- Run | Yrd Mat Min Sub Distress Signals . | . . . . Communications Jammed . | . . . . Distress Signals . | . . . . Times Spotted 42 | . 10 18 14 Peak Tracking Total 5 | . 5 3 2 Tactical Retreats 4 | . 1 3 . Traps | -11 -10 -10 -10 ------- Run | Yrd Mat Min Sub Traps Triggered 2 | . 1 . 1 Indirectly . | . . . . Trap Hack Attempts . | . . . . Triggered . | . . . . Disarmed . | . . . . Reprogrammed . | . . . . Reused . | . . . . Traps Extracted . | . . . . Installed . | . . . . Triggered . | . . . . Machines | -11 -10 -10 -10 ---------- Run | Yrd Mat Min Sub Machines Disabled 9 | . . 8 1 Max in Single Turn 4 | . . 4 1 Machines Repaired . | . . . . Machines Dismantled . | . . . . Machines Sabotaged . | . . . . Overloaded Fab Kills . | . . . . Hacking | -11 -10 -10 -10 --------- Run | Yrd Mat Min Sub Machines Accessed 6 | . 2 1 3 Terminals 2 | . 1 1 . Fabricators . | . . . . Repair Stations . | . . . . Recycling Units 1 | . 1 . . Scanalyzers . | . . . . Garrison Access . | . . . . Total Hacks 11 | . 5 3 3 Successful 6 | . 3 . 3 Failed 5 | . 2 3 . Catastrophic 1 | . . 1 . Database Lockouts . | . . . . Manual 8 | . 5 3 . Terminals 7 | . 4 3 . Fabricators . | . . . . Repair Stations . | . . . . Recycling Units 1 | . 1 . . Scanalyzers . | . . . . Garrison Access . | . . . . Terminal Hacks 3 | . . . 3 Open Door 1 | . . . 1 Derelict Proto ID Bank 1 | . . . 1 Release Object 1 | . . . 1 Fabricator Hacks . | . . . . Repair Station Hacks . | . . . . Recycling Unit Hacks . | . . . . Scanalyzer . | . . . . Garrison Access Hacks . | . . . . Unauthorized Hacks 3 | . 3 . . Terminals 2 | . 2 . . Operators 1 | . 1 . . Skim 1 | . 1 . . Fabricators . | . . . . Repair Stations . | . . . . Recycling Units 1 | . 1 . . Tunnel 1 | . 1 . . Scanalyzers . | . . . . Garrison Access . | . . . . Data Cores Recovered . | . . . . Used . | . . . . Hacking Detections 2 | . 1 1 . Full Trace Events 1 | . . 1 . Feedback Events . | . . . . Feedback Blocked . | . . . . Robot Schematics Acquired . | . . . . Robots Built . | . . . . Authchips . | . . . . Time . | . . . . Total Robot Build Rating . | . . . . Part Schematics Acquired . | . . . . Parts Built . | . . . . Authchips . | . . . . Time . | . . . . Total Part Build Rating . | . . . . Parts Repaired . | . . . . Time . | . . . . Parts Recycled . | . . . . Recycled Matter . | . . . . Retrieved Matter . | . . . . Retrieved Components . | . . . . Parts Scanalyzed . | . . . . Part Schematics Acquired . | . . . . Parts Damaged . | . . . . Bothacking | -11 -10 -10 -10 ------------ Run | Yrd Mat Min Sub Used RIF Installer . | . . . . Robots Hacked . | . . . . Non-combat . | . . . . Combat . | . . . . Robot Hacks Applied . | . . . . Relay Couplers Released . | . . . . Fabnet Peak Effective % . | . . . . Robots Rewired . | . . . . Allies Hacked . | . . . . Hacks Repelled . | . . . . Allies | -11 -10 -10 -10 -------- Run | Yrd Mat Min Sub Total Allies . | . . . . Largest Group . | . . . . Highest-Rated Group . | . . . . Highest-Rated Ally . | . . . . Total Orders . | . . . . Ally Attacks . | . . . . Total Damage . | . . . . Kills . | . . . . Allies Corrupted . | . . . . Allies Melted . | . . . . Intel | -11 -10 -10 -10 ------- Run | Yrd Mat Min Sub Robot Analysis Total . | . . . . Derelict Logs Recovered 3 | . . 1 2 Drone Launches . | . . . . Drone Recoveries . | . . . . Exploration | -11 -10 -10 -10 ------------- Run | Yrd Mat Min Sub Turns Passed 2747 | 32 404 995 1316 Spaces Moved 1515 | 15 204 541 755 Core 11 | . 11 . . Treads 845 | . 108 541 196 Legs 100 | 15 85 . . Wheels 559 | . . . 559 Hover . | . . . . Flight . | . . . . Fastest Speed 50 | 120 50 160 110 Average Speed 149 | 120 147 160 143 Slowest Speed 240 | 120 190 160 240 Overloaded Moves . | . . . . Propulsion Burnouts . | . . . . Robots Hopped . | . . . . Cave-ins Triggered . | . . . . Exploration Rate (%) 42 | 2 35 82 52 Regions Visited 3 Branch Regions 2 Pre-discovered Areas 3 | . 1 1 1 Known Exits Taken . | . . . . Unknown Exits Taken 3 | 1 1 1 . Scrap Searched 1 | . . 1 . Spaces Dug 2 | . . . 2 Terrain Destroyed 219 | . . 58 161 Melee 2 | . . . 2 Projectile . | . . . . AOE 217 | . . 58 159 Terrain Rammed . | . . . . Walls Destroyed . | . . . . Machines Disabled . | . . . . Actions | -11 -10 -10 -10 --------- Run | Yrd Mat Min Sub Total 1809 | 22 258 622 907 Wait 49 | . 8 29 12 Move 1512 | 14 203 540 755 Hop . | . . . . Pick Up 22 | . 5 6 11 Fast Attach 9 | 1 6 . 2 Attach 13 | . 4 2 7 Detach 3 | . 1 . 2 Swap 15 | 1 2 2 10 Drop 18 | 2 1 . 15 Fire 89 | 4 25 26 34 Melee 61 | . . 9 52 Ram . | . . . . Kick 1 | . 1 . . Crush 10 | . 2 8 . Escape Stasis . | . . . . Rewire . | . . . . Trap . | . . . . Miscellaneous 7 | . . . 7 Route ------- -11/Scrapyard -10/Materials (discovered 2 exits: *Min x2) -10/Mines (discovered 4 exits: [*Mat x2] / [*Exi] / *Sub) -10/Subcaves (discovered 2 exits: [*Mat x2]) History --------- Turn | Location | Event 10 | -11/Scrapyard | Discovered new exit (range 3) 33 | -11/Scrapyard | Entered Materials 37 | -10/Materials | Released all parts (7) 101 | -10/Materials | Discovered new exit (range 6) 312 | -10/Materials | Build established: Mutant 419 | -10/Materials | Discovered new exit (range 8) 437 | -10/Materials | Entered Mines 495 | -10/Mines | Learned location of Zion (-6) 521 | -10/Mines | Received a Rocket Launcher from a helpful Derelict 751 | -10/Mines | A weapon hastily lodged in a ceiling crevice suddenly fell to the ground 1019 | -10/Mines | Discovered new exit (range 5) 1065 | -10/Mines | Deemed a non-threat by the Exiles lab entrance 1067 | -10/Mines | Discovered new exit (range 5) 1120 | -10/Mines | Discovered new exit (range 10) 1416 | -10/Mines | Discovered new exit (range 11) 1432 | -10/Mines | Entered Subcaves 1442 | -10/Subcaves | Ambushed by Subdwellers from Twisted Machinery 1464 | -10/Subcaves | Core integrity fell below 50% 1484 | -10/Subcaves | Core integrity fell below 20% 1502 | -10/Subcaves | Lost 3 parts (1n2w) 1544 | -10/Subcaves | Learned Materials garrison access intel 1550 | -10/Subcaves | Shifting Twisted Machinery released Shrapnel Trap 1550 | -10/Subcaves | Shifting Twisted Machinery released Sub. Power Source 1826 | -10/Subcaves | Ambushed by angry Subdweller bent on revenge 1978 | -10/Subcaves | Learned location of Mines (-9) 1984 | -10/Subcaves | Shifting Twisted Machinery released Battle Rifle 1986 | -10/Subcaves | Shifting Twisted Machinery released Riot Gun 1995 | -10/Subcaves | A swath of the cavern ceiling suddenly collapsed 2024 | -10/Subcaves | Discovered new exit (range 9) 2147 | -10/Subcaves | A swath of the cavern ceiling suddenly collapsed 2191 | -10/Subcaves | Discovered new exit (range 8) 2192 | -10/Subcaves | Shifting Twisted Machinery released Battle Cannon 2193 | -10/Subcaves | Shifting Twisted Machinery released Flamer 2280 | -10/Subcaves | Ambushed by Subdweller buried in earth 2280 | -10/Subcaves | Ambushed by Subdweller buried in earth 2539 | -10/Subcaves | Visited 4L-MR0's lab 2561 | -10/Subcaves | Found Tower Shield 2748 | -10/Subcaves | Destroyed by EQ-3QA(R) with Subdweller Laser Last Messages --------------- >>Derelict Proto ID Bank Downloading prototype IDs... Meta Core Arachnoskeleton Cargo Legs Tripod Weapons Platform Flightbrick Gun Armor Tower Shield Power Bank Rainbow Chip VL-GR5's Exoskeleton "Deathgrip" Powered Cannon 02552_ Testing Chamber breached. 02559_ Dropped Scrap Shield. 02561_ Acquired Tower Shield. 02564_ 4L-MR0 mumbles: "I'm surprised some of them are even willing to come in here given their fear of my usual visitors." 02564_ Acquired Scrap Shield. 02748_ EQ-3QA(R) knocked back. Map ----- +----------------------------------------------------+ | ##### #???##??# ??????????????????????????????? | | ???## ## ##?# ??????????????????????????????? | | #### ### ??????????????????????????????? | | #?????????????????????????????? | | #### #?????????????????????????????? | | ##???? #?????????????????????????????? | | ######?? ### ##????????????????????????????? | | #### ###?##?# ##???????????????????????????? | | ### ##???# ###?????????????????????????? | | ## ###?? #?????????????????????????? | | ##?# #?????????????????????????? | | ### #??????????????????????????? | | #??????????????????????????? | | ### ## #??????????????????????????? | | ##?## ## ##?????????????????????????? | | ####???# ##????????????????????????? | | #?????## #### ##???????????????????????? | | ??????# ##??# ####????????????????????? | | ??# ##???# ##???????????????????? | | ?# #????## #???????????????????? | | ?# #????# ##???????????????????? | | ?##### ###% #????# #????? ????????????? | | ?????## #?## #????# #??? ????????????? | | ??????###???## #????## ##?? ???????????? | | ?????????????## #?###?# ##? % % ???????????? | | ???????????????##?# ## @## ??????????? | | ??????????????????# % ??????????? | | ??????????????????# R #????????????????? | | ??????????????????## ## #????????????????? | | ???????????????????### ### #????????????????? | | ?????????????????????# #? ??????????????? | | ??????????????#####??## #?? #????????????? | | ??????????????# ##?# ##??# ????????????? | | ??????????????# """#### ##??# ???????????? | | ?????????????## """ ## ##?? ???????????? | | ?????????????# """ #??? ????????????? | | ????????????##" # ## #???? ????????????? | | ????????????# ## # ###? #???? ??????????????? | | ????????????# # [ #??# ## ???????????????????? | | ????????????# ] #??? ## ??????????????????? | | ????????????### ! #??# ???????????????????? | | ????????????### ! #### ????????????????????? | | ????????????# #### #????????????????????? | | ????????????### ##### ##???????????????????## | | ?????????????# #??# #??????????????????### | | ?????????????#" ###?## #?#######???????#### | | ?????????????# ##### ### # ##?????#### | | ?????????????# ! ##" " #"###??###%#### | | ?????????????##" |" ## "# #"####""""#"# | | ??????????????# < ##### ##"##"##""#%### #"# | +----------------------------------------------------+ Best States ------------- Heat Dissipation 25 Energy Generation 15 Energy Capacity 250 Matter Stores 300 Matter Capacity 300 Sight Range 16 Terrain Scan Density 10 Armor Coverage 800 Evasion (%) 55 Recoil Reduction 2 Item Schematics ----------------- None Robot Schematics ------------------ None Fabricated ------------ Nothing Alien Tech Used ----------------- None Achievements -------------- None Challenges ------------ None Game ------ Seed SiegeFieldPod Manual? 0 Play Time 00:17:27 Cumulative 333.5 hours Start 2025.03.28 @ 01:33:33 End 2025.03.28 @ 01:50:34 Sessions 1 Manual Loads 0 Difficulty Rogue Special Mode None Game No. 399 Rogue 399 Adventurer 0 Explorer 0 Win Type - Total 10 Types 8/0/1/1/0/0/0/0/0 Lore% 74 Gallery% 86 Achievement% 74 Wizard Run 0 Options --------- Layout 0 ASCII 0 Keyboard 0 Movement Numpad Keybinds 0 Fullscreen 2 Font 18/X11 Map View 76x50 Zoom Use 0% Tactical HUD 1 Map Filters NONE Filters NONE Steam 1 RUN: 7035c843-a4e0-4e25-beff-d08e4d1999dc